 Dungeon Crawl Stone Soup version 0.19-a0-675-gf8984cf (webtiles) character file.

305 zero the Chopper (level 6, -2/52 HPs)
             Began as a Minotaur Berserker on June 16, 2016.
             Was a Priest of Trog.
             Slain by a hound (4 damage)
             ... on level 4 of the Dungeon.
             The game lasted 00:04:16 (3638 turns).

zero the Chopper (Minotaur Berserker)               Turns: 3638, Time: 00:04:16

Health: -2/52      AC:  4    Str: 28    XL:     6   Next: 15%
Magic:  5/5        EV: 12    Int:  4    God:    Trog [***...]
Gold:   181        SH:  0    Dex: 10    Spells: 0 memorised, 5 levels left

rFire  . . .     SeeInvis .     a - +0 hand axe
rCold  . . .     Gourm    .     b - +0 animal skin
rNeg   . . .     Faith    .     (no shield)
rPois  .         Spirit   .     (helmet restricted)
rElec  .         Dismiss  .     (no cloak)
rCorr  .         Reflect  .     r - +0 pair of gloves
SustAt .         Harm     .     l - +0 pair of boots
MR     .....                    (no amulet)
Stlth  +.........               (no ring)
                                (no ring)

@: mighty, not resistant to hostile enchantments, very unstealthy
A: retaliatory headbutt, horns 2
a: Berserk, Trog's Hand, Burn Spellbooks, Renounce Religion


You were on level 4 of the Dungeon.
You worshipped Trog.
Trog was most pleased with you.
You were not hungry.

You visited 1 branch of the dungeon, and saw 4 of its levels.

You collected 181 gold pieces.

Inventory:

Hand Weapons
 a - a +0 hand axe (weapon)
Armour
 b - a +0 animal skin (worn)
 l - a +0 pair of boots (worn)
 r - a +0 pair of gloves (worn)
Jewellery
 n - a cursed ring of teleportation {unknown}
Scrolls
 d - 2 scrolls of remove curse {unknown}
 f - a scroll of magic mapping {unknown}
 g - 2 scrolls of blinking {unknown}
 h - a scroll of enchant weapon {unknown}
 j - 3 scrolls of teleportation {unknown}
 s - a scroll of random uselessness {unknown}
 t - a scroll of identify {unknown}
 u - a scroll of fog {unknown}
Potions
 e - a potion of curing {unknown}
 i - a potion of degeneration {unknown}
 o - a potion of might
 p - a potion of heal wounds {unknown}
 q - a potion of agility {unknown}
 v - a potion of magic {unknown}
Comestibles
 c - 2 bread rations
 k - a slice of pizza
 m - 4 chunks of flesh


   Skills:
 + Level 4.2 Fighting
 * Level 7.3 Axes
 + Level 3.4 Armour
 + Level 2.9 Dodging


You had 5 spell levels left.
You didn't know any spells.

Dungeon Overview and Level Annotations

Branches:
Dungeon (4/15)
 Temple: D:4-7

Altars:
Elyvilon
Gozag
Hepliaklqana
Makhleb
Trog
Xom


Innate Abilities, Weirdness & Mutations

You reflexively headbutt those who attack you in melee.
You have a pair of horns on your head.


Message History

The gnoll shaman is severely wounded.
You hit the gnoll but do no damage. The gnoll hits you but does no damage.
The gnoll shaman hits you with a whip!
You hit the gnoll shaman. You headbutt the gnoll shaman.
The gnoll shaman is almost dead.
You barely miss the gnoll. You barely miss the hound. The hound bites you.
The gnoll hits you from afar with a halberd!
* * * LOW HITPOINT WARNING * * *
The gnoll hits you with a club.
* * * LOW HITPOINT WARNING * * *
The gnoll shaman hits you with a whip!
* * * LOW HITPOINT WARNING * * *
There are monsters nearby!
You are too injured to fight recklessly!
The hound barely misses you. You furiously retaliate!
You headbutt the hound.
Okay, then.
It was a potion of might.
You feel very mighty all of a sudden. The hound bites you.
You die...

#####.#......#
......#......###
#####
......)...#....#
....#
#########.#.##.#
....# #.#.#.##.#
....# #####........#
....# #<....#.##.#.#
....#
#######.)..#####g...#
#####....@hg...#
#.........g.####
#.###)########
#.###.........
#.#...#######.
#.#.#.# #.#.#.#
#.#.#.# #.#.#.#


You could see a gnoll shaman, a hound and 2 gnolls.

Vanquished Creatures
  An ogre (D:4)
  2 orc priests (D:3)
  A worker ant (D:4)
  4 adders
  2 worms
  2 dart slugs
  A giant gecko (D:1)
  15 orcs
  A ball python (D:2)
  9 bats
  3 giant cockroaches (D:1)
  10 goblins
  5 hobgoblins
  4 jackals (D:3)
  8 kobolds
  5 giant newts
  12 rats
85 creatures vanquished.

Notes
Turn   | Place    | Note
--------------------------------------------------------------
     0 | D:1      | zero the Minotaur Berserker began the quest for the Orb.
     0 | D:1      | Reached XP level 1. HP: 19/19 MP: 0/0
    80 | D:1      | Reached skill level 4 in Axes
   194 | D:1      | Reached XP level 2. HP: 20/26 MP: 1/1
   866 | D:2      | Reached skill level 5 in Axes
   938 | D:2      | Reached XP level 3. HP: 17/31 MP: 2/2
  1262 | D:2      | Reached ** piety under Trog
  1664 | D:2      | Found a shimmering altar of Xom.
  1667 | D:2      | Found a shimmering altar of Xom.
  1858 | D:2      | Found a burning altar of Makhleb.
  1861 | D:2      | Found a hazy altar of Hepliaklqana.
  1862 | D:2      | Found a white marble altar of Elyvilon.
  2039 | D:2      | Reached skill level 6 in Axes
  2039 | D:2      | Reached XP level 4. HP: 30/39 MP: 3/3
  2636 | D:3      | Found a bloodstained altar of Trog.
  2667 | D:3      | Reached XP level 5. HP: 42/46 MP: 4/4
  2683 | D:3      | Reached *** piety under Trog
  2806 | D:3      | Found an opulent altar of Gozag.
  3412 | D:4      | Noticed an ogre
  3418 | D:4      | Killed an ogre
  3418 | D:4      | Reached skill level 7 in Axes
  3418 | D:4      | Reached XP level 6. HP: 52/52 MP: 5/5
  3636 | D:4      | HP: 1/52 [gnoll shaman/whip (9)]
  3638 | D:4      | Slain by a hound

Vault maps used:
D:1:      dpeg_arrival_yet_another_circle
D:2:      nicolae_overflow_hidden_temple, xom_redecorated
D:3:      old_standard_altar, grunt_gozag_breadcrumbs, first_bread
D:4:      uniq_crazy_yiuf_cottage

Skill      XL: |  1  2  3  4  5 |
---------------+----------------+-----
Axes           | 4 5 6 7 |  7.3
Fighting       | 4 |  4.2
Armour         | 3 |  3.4
Dodging        | |  2.9

Action                   |  1- 3 |  4- 6 || total
-------------------------+-------+-------++-------
Melee: Hand axe          |    84 |    92 ||   176
       Headbutt          |    10 |    15 ||    25
Invok: Berserk           |     1 |     1 ||     2
  Use: Potion            |       |     1 ||     1
 Stab: Sleeping          |       |     1 ||     1
  Eat: Chunk             |     4 |     7 ||    11
Armor: Animal skin       |    17 |    12 ||    29
Dodge: Dodged            |    59 |    59 ||   118
